Zazza, neutral female human Wizard ------ ----- |....| |...| |.`..----'..| |.........@.| |..--->---..| |---------.--- |.....<|.....| |..----|.....| --.| |.....| |.-----.....| |..%........| |..---------- ---- Zazza the Thaumaturge Experience level: 6 Strength: 13 Dexterity: 13 Constitution: 14 Intelligence: 18 Wisdom: 10 Charisma: 13 Health: 0(40) Energy: 7(50) Def: 1 Gold: 0 Moves: 9050 Dungeon seed: hSrtuOjnX3n1UnlA Game ID: Zazza_1577299917 Your Inventory: Weapons j - 4 +0 orcish daggers o - 2 +0 elven daggers F - a +0 dagger J - a +0 scimitar Armor e - an uncursed +0 cloak of magic resistance (being worn) y - an uncursed +1 mummy wrapping z - a cursed -1 pair of elven boots (being worn) Comestibles i - 3 uncursed eggs q - an uncursed slime mold v - 2 uncursed food rations D - an uncursed sprig of wolfsbane L - an uncursed lizard corpse X - 2 uncursed tripe rations Rings c - an uncursed ring of slow digestion (on left hand) d - an uncursed ring of polymorph control (on right hand) Wands b - a wand of cold (0:7) s - a wand of lightning (0:7) K - a wand of magic missile (0:0) Tools k - an uncursed skeleton key n - a magic marker (0:73) H - an uncursed tin whistle I - an uncursed wax candle (0:400) Gems r - an uncursed worthless piece of red glass Spells and supernatural/magical abilities: Name Level Category Fail Memory a - force bolt 1 attack 0% 55% K - cure sickness 3 healing 77% 55% W - pray for help -- divine ? -- Your skills at the end: Fighting Skills Weapon Skills dagger [Basic] quarterstaff [Basic] Spellcasting Skills attack spells [Skilled] enchantment spells [Basic] Final Attributes: You were piously aligned. You were magic-protected. You were telepathic. You were stealthy. You had slower digestion. You had polymorph control. You are dead. Vanquished creatures: 3 wolves a lizard an ape a rock mole a pony 3 fog clouds a violet fungus a gnome lord a kobold mummy 2 black naga hatchlings an elf zombie a straw golem 3 giant ants 2 little dogs a floating eye a kitten a dwarf 2 homunculi 2 kobold lords 6 hill orcs a rothe a rabid rat 2 centipedes a giant bat a monkey 2 orc zombies a wererat a werejackal 3 iguanas 4 killer bees an acid blob 3 coyotes 2 gas spores 3 hobbits 9 manes 3 large kobolds 3 hobgoblins 9 giant rats a cave spider a brown mold a yellow mold 2 green molds 2 red molds a gnome 10 garter snakes 4 gnome zombies 3 geckos 7 jackals 3 foxes 4 kobolds a goblin 2 sewer rats 9 grid bugs a bat 6 lichens 2 kobold zombies 5 newts 150 creatures vanquished. Voluntary challenges: You used a wielded weapon 71 times, starting on turn 191. You read items or engraved 39 times, starting on turn 3521. You never genocided any monsters. You never polymorphed an object. You never changed form. You used no wishes. You never split a pudding. You wrote Elbereth's name 36 times, starting on turn 3521. You violated your moral code, losing 38 points of alignment, starting on turn 4595. Dungeon overview: The Dungeons of Doom: levels 1 to 7 Level 1 (gold) a long staircase Level 2 (gold) Level 3 a general store, a fountain Level 4 an altar to Thoth stairs to The Gnomish Mines Level 5 Level 6 many fountains Level 7 stairs to Sokoban The Gnomish Mines: Level 5 stairs to The Dungeons of Doom Sokoban: levels 3 to 6 Level 3 Level 4 Level 5 Level 6 <- You were here stairs to The Dungeons of Doom History has recorded: On T:1 you entered the Dungeons of Doom to retrieve the Amulet of Yendor! On T:526 you reached level 2 of The Dungeons of Doom. On T:536 you advanced to experience level 2. On T:1027 you reached level 3 of The Dungeons of Doom. On T:1587 you reached level 4 of The Dungeons of Doom. On T:2222 you reached level 5 of The Dungeons of Doom. On T:2478 you advanced to experience level 3. On T:2501 you reached level 6 of The Dungeons of Doom. On T:3445 you reached level 7 of The Dungeons of Doom. On T:4156 you reached level 4 of Sokoban. On T:4836 you reached level 3 of Sokoban. On T:5643 you advanced to experience level 4. On T:5719 you reached level 2 of Sokoban. On T:6559 you reached level 1 of Sokoban. On T:7491 you reached level 1 of The Gnomish Mines. On T:7828 you advanced to experience level 5. On T:8814 you advanced to experience level 6. Score breakdown: Gold: 0 ( 0 points) Experience: 6 levels (12456 points) Exploration: 7 levels ( 13.21%) (10190 points) Discoveries: 12 items ( 4.18%) ( 6134 points) Valuables value: (no points given unless you survive) Artifact value: 0 ( 0 points) Variety of kills: 57 monsters ( 14.96%) (11603 points) Turncount: 9050 turns (-2231 points) Survival: died (score multiplied by 80%) Total score: 30521 Latest messages: Something is written here in the dust. You read: "Hlbereth". You see no objects here. You wipe out the message that was written in the dust here. You write in the dust with your fingers. The wolf turns to flee! The mountain nymph turns to flee! The pony misses the mountain nymph. (2x) The pony hits the mountain nymph. The pony bites the mountain nymph. The mountain nymph smiles at the pony engagingly. The mountain nymph pretends to be friendly to the pony. (2x) The mountain nymph smiles at the pony engagingly. The pony hits the mountain nymph. The pony bites the mountain nymph. You hear some noises in the distance. The gold golem hits! (4x) You die... Final status: Goodbye Zazza the Wizard, killed by a gold golem... You died in Sokoban on dungeon level 6 with 30521 points, and 0 pieces of gold, after 9050 moves. You were level 6 with a maximum of 40 hit points when you died.